 Dungeon Crawl Stone Soup version 0.20.0-15-g7f486f2 (console) character file.

106 Kloppie the Slasher (level 4, -5/37 HPs)
             Began as a Minotaur Gladiator on July 1, 2017.
             Killed by nerve-wracking pain
             ... invoked by an orc priest
              (12 damage)
             ... on level 3 of the Dungeon.
             The game lasted 00:02:31 (1361 turns).

Kloppie the Slasher (Minotaur Gladiator)            Turns: 1361, Time: 00:02:32

Health: -5/37      AC:  3    Str: 18    XL:     4   Next: 55%
Magic:  3/3        EV: 14    Int:  5    God:
Gold:   161        SH:  0    Dex: 13    Spells: 3/3 levels left

rFire    . . .     SeeInvis .   y - +2 falchion (slice)
rCold    . . .     Gourm    .   (no shield)
rNeg     . . .     Faith    .   b - +0 leather armour
rPois    .         Spirit   .   c - +0 hat
rElec    .         Reflect  .   (no cloak)
rCorr    .         Harm     .   (no gloves)
MR       .....                  (no boots)
Stlth    +.........             (no amulet)
Regen    0.2/turn               (no ring)
MPRegen  0.1/turn               (no ring)

@: no status effects
A: retaliatory headbutt, horns 2
a: no special abilities


You were on level 3 of the Dungeon.
You were not hungry.

You visited 1 branch of the dungeon, and saw 3 of its levels.

You collected 161 gold pieces.

Inventory:

Hand Weapons
 a - a +0 long sword
 y - a +2 falchion of slicing (weapon)
Missiles
 d - 3 throwing nets (quivered)
Armour
 b - a +0 leather armour (worn)
 c - a +0 hat (worn)
 s - a +0 shield
 u - a +0 scale mail
Jewellery
 g - an uncursed amulet of magic regeneration {unknown}
 l - a +2 ring of evasion {unknown}
 t - a +4 amulet of reflection {unknown}
Wands
 z - a wand of random effects (17/48)
Scrolls
 h - a scroll of enchant weapon {unknown}
 o - 2 scrolls of identify {unknown}
 p - a scroll of blinking {unknown}
 r - 2 scrolls of teleportation {unknown}
 v - a scroll of recharging {unknown}
 w - 3 scrolls of noise {unknown}
Potions
 e - a potion of heal wounds {unknown}
 m - a potion of agility {unknown}
 n - 2 potions of curing {unknown}
 q - 3 potions of brilliance {unknown}
 A - a potion of might {unknown}
Comestibles
 f - 5 bread rations
 i - 3 meat rations
 j - 4 chunks of flesh
 k - a fruit
 x - a royal jelly


   Skills:
 - Level 2.4 Fighting
 + Level 5.1 Long Blades
 - Level 2.0 Throwing
 + Level 4.9 Dodging


You had 3 spell levels left.
You didn't know any spells.

Dungeon Overview and Level Annotations

Branches:
Dungeon (3/15)

Altars:


Innate Abilities, Weirdness & Mutations

You reflexively headbutt those who attack you in melee.
You have a pair of horns on your head.


Message History

The orc wizard shouts!
You hear a shout! x2
An orc wizard comes into view. It is wielding a dagger.
You barely miss the orc.
The orc priest calls down the wrath of Beogh upon you.
Beogh smites you!
* * * LOW HITPOINT WARNING * * *
You are too injured to fight recklessly!
You are too injured to fight recklessly!
You are too injured to fight recklessly!
An orc and an orc priest come into view.
The orc shouts!
The orc priest shouts!
The orc priest moves out of view.
The orc priest hits you with a short sword.
* * * LOW HITPOINT WARNING * * *
The orc hits you but does no damage.
You hit the orc priest. You headbutt the orc priest.
The orc priest is severely wounded.
The orc priest invokes the aid of Beogh against you.
Pain shoots through your body!
You die...

#.##### #...#
#.# ##### #.#
#†..# #.# #.#
#...# #.# #.#
#...# #.# #.#
##.## #.# #.#
#.# #.# ..#
#.##### ###
#.....######oo
###..o@ooooo#
.....#.#####Y#
..#####.# #.#
..# ###


You could see an ice beast (wandering), 2 orc priests, 2 orc wizards and 4 orcs.

Vanquished Creatures
  An iguana (D:3)
  3 adders
  2 dart slugs (D:1)
  5 orcs (D:3)
  A ball python (D:1)
  2 giant cockroaches
  7 goblins
  4 hobgoblins
  A quokka (D:3)
  5 bats
  A frilled lizard (D:3)
  8 kobolds
  5 rats
45 creatures vanquished.

Notes
Turn   | Place    | Note
-------+----------+-------------------------------------------
     0 | D:1      | Kloppie the Minotaur Gladiator began the quest for the Orb.
     0 | D:1      | Reached XP level 1. HP: 18/18 MP: 0/0
   194 | D:1      | Reached skill level 4 in Long Blades
   194 | D:1      | Reached XP level 2. HP: 17/25 MP: 1/1
   675 | D:2      | Found a faded altar of an unknown god.
   699 | D:2      | Reached XP level 3. HP: 25/30 MP: 2/2
  1142 | D:3      | Reached XP level 4. HP: 35/37 MP: 3/3
  1261 | D:3      | Reached skill level 5 in Long Blades
  1361 | D:3      | Killed from afar by an orc priest

Skill      XL: |  1  2  3  4 |
---------------+-------------+-----
Long Blades    | 4 5 |  5.1
Dodging        | 4 |  4.9
Fighting       | |  2.4
Throwing       | |  2.0

Action                   |  1- 3 |  4- 6 || total
-------------------------+-------+-------++-------
Melee: Long sword        |    55 |     8 ||    63
       Headbutt          |    10 |     2 ||    12
       Falchion          |       |    11 ||    11
  Eat: Chunk             |     1 |       ||     1
Armor: Leather armour    |    10 |     2 ||    12
Dodge: Dodged            |    38 |    14 ||    52
       Rpst.: Long sword |    10 |     1 ||    11
       Falchion          |       |     1 ||     1
